 Dungeon Crawl Stone Soup version 0.28-a0-529-g3bad584f25 (webtiles) character file.

Game seed: 18127115747614063321

6740 robertstho the Thaumaturge (level 11, -8/78 HPs)
             Began as a Djinni Fire Elementalist on Sept 24, 2021.
             Was an Initiate of Gozag.
             Shot with a sling bullet by Joseph (14 damage)
             ... on level 10 of the Dungeon.
             The game lasted 00:15:45 (11297 turns).

robertstho the Thaumaturge (DjFE)                  Turns: 11297, Time: 00:15:46

Health: -8/78      AC:  9    Str:  7    XL:     11   Next: 24%
Gold:   847        EV:  8    Int: 21    God:    Gozag SH:  0 Dex: 15

rFire   + + .      SeeInvis .   w - +3 trident (flame)
rCold   . . .      Faith    .   (no shield)
rNeg    + . .      Spirit   .   h - +0 scale mail of the Six Mice {rPois rN+ Dex+2}
rPois   ∞          Reflect  .   m - +0 helmet
rElec   .          Harm     .   n - +0 cloak
rCorr   .          Rampage  .   c - +0 pair of gloves
Will    +....                   (boots unavailable)
Stlth   +.........              t - amulet of the acrobat
HPRegen 0.23/turn               p - ring of protection from cold
MPRegen 0.00/turn               (no ring)

@: gold aura, flying, very slightly contaminated
A: sickness immunity, fire resistance 2, cold vulnerability 1, float, innate
caster, hp casting, extra vitality 1
a: Renounce Religion, Potion Petition, Call Merchant, Bribe Branch


You were on level 10 of the Dungeon.
You worshipped Gozag.
Gozag was pleased with you.
You visited 2 branches of the dungeon, and saw 11 of its levels.

You collected 934 gold pieces.
You paid 87 gold pieces to Gozag.

Inventory:

Hand Weapons
 w - a +3 trident of flaming (weapon)
Missiles
 g - 4 throwing nets
Armour
 a - a +0 robe
 c - a +0 pair of gloves (worn)
 h - the +0 scale mail of the Six Mice (worn) {rPois rN+ Dex+2}
   (You found it on level 9 of the Dungeon)

   Dex:       It affects your dexterity (+2).
   rPois:     It protects you from poison.
   rN:        It protects you from negative energy.
 i - a +0 buckler
 m - a +0 helmet (worn)
 n - a +0 cloak (worn)
Jewellery
 p - a ring of protection from cold (left hand)
 t - an amulet of the acrobat (around neck)
Wands
 l - a wand of iceblast (20)
 u - a wand of paralysis (12)
 y - a wand of polymorph (21)
 A - a wand of digging (5)
Scrolls
 j - 2 scrolls of blinking
 k - 5 scrolls of teleportation
 q - 2 scrolls of fear
 r - a scroll of vulnerability {unknown}
 s - 3 scrolls of immolation
 v - a scroll of enchant weapon
 x - a scroll of identify
 C - a scroll of enchant armour {unknown}
Potions
 b - 2 potions of curing
 d - a potion of haste {unknown}
 e - 4 potions of mutation {unknown}
 f - 2 potions of lignification {unknown}
 o - a potion of heal wounds {unknown}
 z - a potion of cancellation
 B - a potion of flight {unknown}


   Skills:
 * Level 6.5 Fighting
 + Level 0.1 Short Blades
 + Level 4.0 Polearms
 + Level 1.3 Armour
 + Level 4.8 Dodging
 + Level 3.1 Stealth
 * Level 10.5 Spellcasting


You had 4 spell levels left.
You knew the following spells:

 Your Spells              Type           Power      Damage    Failure   Level
a - Foxfire               Conj/Fire      100%       2x1d9     1%          1
b - Scorch                Fire           100%       2d10      1%          2
c - Conjure Flame         Conj/Fire      53%        6-21      3%          3
d - Inner Flame           Hex/Fire       53%        N/A       3%          3
e - Flame Wave            Conj/Fire      53%        3d10      10%         4
f - Apportation           Tloc           100%       N/A       1%          1
g - Blink                 Tloc           N/A        N/A       1%          2
h - Mephitic Cloud        Conj/Pois/Air  53%        N/A       3%          3
i - Hailstorm             Conj/Ice       53%        3d12      10%         4
j - Animate Armour        Summ/Erth      100%       N/A       10%         4
Your spell library was empty.

Dungeon Overview and Level Annotations

Branches:
Dungeon (10/15)            Temple (1/1) D:6
   Lair: D:8-11         Orc: D:9-12

Altars:
Ashenzari
Cheibriados
Dithmenos
Elyvilon
Fedhas
Gozag
Hepliaklqana
Kikubaaqudgha
Makhleb
Nemelex Xobeh
Okawaru
Qazlal
Ru
Sif Muna
Trog
Uskayaw
Vehumet
Wu Jian
Xom
Yredelemnul
Zin
The Shining One

Shops:
D:5 (

Annotations:
D:10 Joseph


Innate Abilities, Weirdness & Mutations

You are immune to sickness and miasma.
You are immune to poison.
Your flesh is very heat resistant. (rF++)
You are vulnerable to cold. (rC-)
You float through the air rather than walking.
You learn spells naturally, not from books.
Your magical power is your life essence.
You have superior vitality. (+4 HP)


Message History

The flame wave engulfs Joseph!
Joseph is severely wounded.
* * * LOW HITPOINT WARNING * * *
You finish channelling waves of flame.
You hear two shouts!
Casting: Flame Wave (dangerous; 10% risk of failure)
Confirm with . or Enter, or press ? or * to list all spells.
Casting: Flame Wave (dangerous; 10% risk of failure)
Press: ? - help, Dir - look around, f - activate You miscast Flame Wave.
You are very lightly contaminated with residual magic.
Nothing appears to happen.
* * * LOW HITPOINT WARNING * * *
Joseph asks, "Where am I?"
Casting: Flame Wave (dangerous; 10% risk of failure)
Confirm with . or Enter, or press ? or * to list all spells.
Casting: Flame Wave (dangerous; 10% risk of failure)
Press: ? - help, Dir - look around, f - activate A wave of flame ripples out! (Press . to intensify the flame waves.)
* * * LOW HITPOINT WARNING * * *
Unknown command.
A wave of flame ripples out!
* * * LOW HITPOINT WARNING * * *
A wave of flame ripples out!
The flame wave engulfs Joseph!
Joseph is almost dead.
* * * LOW HITPOINT WARNING * * *
You finish channelling waves of flame.
You hear a shout!
Joseph seems less confused.
Joseph shoots a sling bullet.
The sling bullet closely misses you.
Casting: Flame Wave (dangerous; 10% risk of failure)
Confirm with . or Enter, or press ? or * to list all spells.
Flames lash Joseph.
Joseph is almost dead.
Joseph's fire resistance burns away.
* * * LOW HITPOINT WARNING * * *
Joseph shoots a sling bullet.
The sling bullet hits you!
You die...
Your body crumbles into a pile of gold.

....... .......
#..........#
$......
#..........#
....... #..........
..)._.. #........#
..._8..
##....?...##
...._.!
#..........#
.......
#$.....$...#
.##O###
#.....@$@..# .# .#
#..........# .# #
#..........#
##........## ####..
##........# #.....
#.######.## #.....
#. ##..### #..... #
##.....## ##.....
##.......####......


You could see Joseph (combustible).

Vanquished Creatures
  2 two-headed ogres
  Pikel (D:8)
  3 trolls
  5 yaks (D:10)
  Grum (D:8)
  2 water moccasins
  2 sky beasts
  2 black bears
  An orc warrior (D:8)
  A necrophage (D:6)
  A centaur (D:6)
  3 wolves (D:8)
  2 phantoms
  2 kobold brigands
  2 bullfrogs
  A gnoll sergeant (D:6)
  2 scorpions
  A wyvern skeleton (D:6)
  2 water moccasin skeletons (D:4)
  10 killer bees
  4 wights
  4 howler monkeys (D:7)
  2 centaur zombies (D:9)
  4 orc priests
  Crazy Yiuf (D:3)
  3 bullfrog skeletons
  5 hounds
  4 jellies
  2 iguanas
  6 orc wizards
  A scorpion zombie (D:4)
  A killer bee zombie (D:7)
  Robin (D:4)
  5 gnolls (D:6)
  A howler monkey skeleton (D:7)
  8 adders
  2 shadow imps (D:6)
  An ufetubus (D:5)
  A worm (D:2)
  3 dart slugs
  14 orcs
  2 ball pythons
  6 bats
  3 endoplasms
  2 giant cockroaches (D:4)
  13 goblins
  5 hobgoblins
  2 jackals (D:1)
  13 kobolds
  4 quokkas
  3 training dummies (D:5)
  A frilled lizard (D:3)
  7 rats
180 creatures vanquished.

Vanquished Creatures (others)
  184 foxfires
184 creatures vanquished.

Grand Total: 364 creatures vanquished

Notes
Turn   | Place    | Note
-------+----------+-------------------------------------------
     0 | D:1      | robertstho the Djinni Fire Elementalist began the quest for
                  | the Orb.
     0 | D:1      | Reached XP level 1. HP: 15/15 MP: 0/0
   252 | D:1      | Found a faded altar of an unknown god.
   267 | D:1      | Reached XP level 2. HP: 17/21 MP: 0/0
   834 | D:1      | Reached skill level 3 in Spellcasting
   834 | D:1      | Reached XP level 3. HP: 22/26 MP: 0/0
   834 | D:1      | Learned a level 1 spell: Apportation
  2062 | D:3      | Reached skill level 1 in Fighting
  2065 | D:3      | Reached XP level 4. HP: 25/32 MP: 0/0
  2808 | D:3      | Reached XP level 5. HP: 32/38 MP: 0/0
  2808 | D:3      | Learned a level 2 spell: Blink
  2942 | D:3      | Found a runed translucent door.
  2943 | D:3      | Noticed Crazy Yiuf
  2949 | D:3      | Killed Crazy Yiuf
  3171 | D:4      | Reached skill level 4 in Spellcasting
  3171 | D:4      | Reached XP level 6. HP: 21/43 MP: 0/0
  3378 | D:4      | Noticed Robin
  3384 | D:4      | Killed Robin
  4460 | D:4      | Reached skill level 5 in Spellcasting
  4460 | D:4      | Reached XP level 7. HP: 19/49 MP: 0/0
  4460 | D:4      | Learned a level 3 spell: Mephitic Cloud
  5070 | D:5      | Entered Level 5 of the Dungeon
  5308 | D:5      | Reached XP level 8. HP: 45/56 MP: 0/0
  5310 | D:5      | Reached skill level 6 in Spellcasting
  5686 | D:5      | Found Yvoewisi's Firing Range.
  5958 | D:6      | Found a shimmering altar of Xom.
  6025 | D:6      | Reached skill level 7 in Spellcasting
  6044 | D:6      | Reached XP level 9. HP: 7/62 MP: 0/0
  6044 | D:6      | Learned a level 4 spell: Hailstorm
  6680 | D:6      | Reached skill level 8 in Spellcasting
  6745 | D:6      | Found a staircase to the Ecumenical Temple.
  6775 | Temple   | Entered the Ecumenical Temple
  6974 | Temple   | Became a worshipper of Gozag Ym Sagoz the Greedy
  7509 | D:7      | Reached skill level 1 in Polearms
  8374 | D:8      | Noticed Grum
  8379 | D:8      | Reached XP level 10. HP: 27/69 MP: 0/0
  8380 | D:8      | Reached skill level 5 in Fighting
  8414 | D:8      | Noticed Pikel
  8663 | D:8      | Killed Grum
  9121 | D:8      | Killed Pikel
  9122 | D:8      | Reached skill level 9 in Spellcasting
  9305 | D:8      | Noticed a two-headed ogre
  9317 | D:8      | Killed a two-headed ogre
 10073 | D:9      | Identified the +0 scale mail of the Six Mice {rPois rN+
                  | Dex+2}
 10668 | D:10     | Entered Level 10 of the Dungeon
 10668 | D:10     | Found a glowing golden altar of the Shining One.
 10668 | D:10     | Found a blossoming altar of Fedhas.
 10668 | D:10     | Found a stormy altar of Qazlal.
 10682 | D:10     | Noticed a two-headed ogre
 10992 | D:10     | Reached skill level 10 in Spellcasting
 10992 | D:10     | Reached XP level 11. HP: 34/76 MP: 0/0
 10992 | D:10     | Learned a level 4 spell: Animate Armour
 11275 | D:10     | Noticed Joseph
 11284 | D:10     | Killed a two-headed ogre
 11285 | D:10     | Reached skill level 1 in Armour
 11297 | D:10     | Shot with a sling bullet by Joseph

Illustrated notes

Levels and vault maps discovered:
D:1:      wander_arrival_lonely_grave, layout_rooms,
          chequers_ecumenical_altar_simple_redux, hangedman_feature_mirror
D:2:      layout_basic
D:3:      layout_basic, serial_glass, glass_columns_a, glass_columns_a,
          glass_columns_c, glass_columns_a, uniq_crazy_yiuf_cottage
D:4:      minmay_chambers_of_threes, layout_basic, st_stairs_9, uniq_robin
D:5:      layout_cave_pools, nicolae_shop_firing_range
D:6:      layout_rooms, mainiacjoe_overflow_surrounded_room,
          minmay_temple_entry_drinking_statues, minmay_fountain_box,
          st_stairs_12
D:7:      layout_gridville, grunt_decor_cap
D:8:      layout_loops_cross, uniq_pikel, uniq_grum
D:9:      layout_layer_cave
D:10:     layout_rooms, chequers_temple_overflow_statue_of_worship,
          serial_shops, kennysheep_mini_moat, nicolae_stop_n_shop_1, uniq_joseph
Temple:   regret_index_temple_mists

Skill      XL: |  1  2  3  4  5  6  7  8  9 10 11 |
---------------+----------------------------------+-----
Spellcasting   | 3 4 5 7 8 10 | 10.5
Fighting       | 1 2 3 4 6 |  6.5
Stealth        | 2 3 |  3.1
Polearms       | 2 3 4 |  4.0
Dodging        | 3 4 |  4.8
Armour         | 1 |  1.3
Short Blades   | |  0.1

Action                   |  1- 3 |  4- 6 |  7- 9 | 10-12 || total
-------------------------+-------+-------+-------+-------++-------
Melee: Dagger            |     6 |     2 |     4 |       ||    12
       Trident           |       |       |    59 |     9 ||    68
 Cast: Foxfire           |    74 |    21 |     5 |    13 ||   113
       Scorch            |     1 |    53 |    54 |    22 ||   130
       Flame Wave        |       |     2 |    18 |    19 ||    39
       Mephitic Cloud    |       |       |       |     7 ||     7
       Hailstorm         |       |       |       |     3 ||     3
  Use: Scroll            |       |     4 |       |     9 ||    13
       Potion            |       |       |     2 |     1 ||     3
 Stab: Sleeping          |     1 |       |       |       ||     1
Armor: Robe              |     4 |    11 |    26 |     4 ||    45
       Scale mail        |       |       |       |     6 ||     6
Dodge: Dodged            |     8 |    18 |    85 |    43 ||   154
Block: Buckler           |     1 |     3 |       |       ||     4

Table legend: (Time is in decaauts)
 A = Elapsed time spent in this place.
 B = Non-inter-level travel time spent in this place.
 C = Inter-level travel time spent in this place.
 D = Time resting spent in this place.
 E = Time spent auto-exploring this place.
 F = Levels seen in this place.
 G = Mean time per level.
                   A        B        C        D        E       F      G
               +--------+--------+--------+--------+--------+-----+--------+
         Total |  11314 |  10957 |    357 |   1350 |   8465 |  11 | 1028.5 |
       Dungeon |  11098 |  10795 |    303 |   1350 |   8320 |  10 | 1109.8 |
        Temple |    215 |    162 |     53 |      0 |    145 |   1 |  215.0 |
               +--------+--------+--------+--------+--------+-----+--------+

Top non-repeatable levels by time:
     D:4: 1919 daAuts
     D:7: 1501 daAuts
     D:1: 1207 daAuts
     D:8: 1150 daAuts
     D:3: 1149 daAuts
     D:9: 1115 daAuts
     D:6: 1051 daAuts
     D:5: 825 daAuts
     D:2: 792 daAuts
    D:10: 384 daAuts
  Temple: 215 daAuts
